 Dungeon Crawl Stone Soup version 0.29-a0-364-g921d912d32 (webtiles) character file.

Game seed: 1413621716012387401

1016 Drevant2 the Chiller (level 8, -3/54 HPs)
             Began as a Demonspawn Wanderer on Apr 30, 2022.
             Was an Initiate of Qazlal.
             Slain by a manticore (10 damage)
             ... on level 7 of the Dungeon.
             The game lasted 00:15:10 (7044 turns).

Drevant2 the Chiller (Demonspawn Wanderer)          Turns: 7044, Time: 00:15:10

Health: -3/54      AC:  5    Str: 14    XL:     8   Next: 1%
Magic:  10/10      EV: 11    Int: 16    God:    Qazlal [......]
Gold:   283        SH:  4    Dex: 11    Spells: 5/9 levels left

rFire   . . .      SeeInvis +   t - +2 hand axe (venom)
rCold   + . .      Faith    .   (no shield)
rNeg    . . .      Spirit   .   B - +0 leather armour
rPois   .          Reflect  .   (no helmet)
rElec   .          Harm     +   m - scarf {harm}
rCorr   .          Rampage  .   (no gloves)
Will    .....                   c - +0 pair of boots
Stlth   ++........              o - amulet of regeneration
HPRegen 0.98/turn               y - ring of protection from cold
MPRegen 0.12/turn               n - ring of see invisible

@: no status effects
A: hooves 2, sharp scales 1, condensation shield, demonic magic 1
a: Renounce Religion


You were on level 7 of the Dungeon.
You worshipped Qazlal.
Qazlal was noncommittal.
You visited 1 branch of the dungeon, and saw 7 of its levels.

You collected 283 gold pieces.

Inventory:

Hand Weapons
 a - a +2 dagger
 l - a +1 short sword of protection
 s - a +1 short sword of protection
 t - a +2 hand axe of venom (weapon)
 z - the +3 dagger of Use Firgh {vorpal, *Noise rC+ SInv}
   (You found it on level 4 of the Dungeon)

   It inflicts extra damage upon your enemies.
   rC:        It protects you from cold.
   SInv:      It lets you see invisible.
   *Noise:    It may make noises in combat.
Missiles
 b - 2 curare-tipped darts
 f - 6 javelins (quivered)
 u - 8 poisoned darts
Armour
 c - a +0 pair of boots (worn)
 e - a +0 robe
 m - a scarf of harm (worn)
 B - a +0 leather armour (worn)
Jewellery
 n - a ring of see invisible (right hand)
 o - an amulet of regeneration (around neck)
 y - a ring of protection from cold (left hand)
Wands
 E - a wand of polymorph (3)
 G - a wand of iceblast (8)
Scrolls
 g - a scroll of summoning
 h - a scroll of enchant weapon
 i - a scroll of blinking
 k - 3 scrolls of teleportation
 p - a scroll of noise {unknown}
 q - a scroll of enchant armour {unknown}
 r - 3 scrolls of fear
 v - 2 scrolls of torment
 x - 2 scrolls of silence
 A - 3 scrolls of vulnerability {unknown}
 C - a scroll of amnesia {unknown}
 D - a scroll of immolation {unknown}
Potions
 d - 4 potions of curing
 j - a potion of brilliance
 w - 2 potions of haste
 F - a potion of flight {unknown}


   Skills:
 - Level 1.1 Fighting
 + Level 4.9 Axes
 - Level 3.0 Throwing
 - Level 1.0 Armour
 - Level 3.1 Stealth
 - Level 1.4 Spellcasting
 + Level 5.6 Ice Magic
 - Level 2.3 Evocations


You had 5 spell levels left.
You knew the following spells:

 Your Spells              Type           Power      Damage    Failure   Level
a - Freeze                Ice            76%        1d9       2%          1
b - Ozocubu's Armour      Ice            19%        N/A       8%          3

Your spell library contained the following spells:

 Spells                   Type           Power      Damage    Failure   Level
 Magic Dart               Conj           4%         1d3       26%         1
 Sandblast                Erth           2%         2d4       26%         1
 Call Imp                 Summ           1%         N/A       38%         2
 Passwall                 Tmut/Erth      0%         N/A       38%         2
 Confusing Touch          Hex            1%         N/A       63%         3
 Mephitic Cloud           Conj/Pois/Air  1%         N/A       63%         3
 Stone Arrow              Conj/Erth      2%         3d7       63%         3
 Leda's Liquefaction      Hex/Erth       0%         N/A       95%         4
 Lee's Rapid Deconstruct  Erth           0%         3d5*      100%        5
 Yara's Violent Unravell  Hex/Tmut       0%         3d3       100%        5
 Statue Form              Tmut/Erth      0%         N/A       100%        6
 Enfeeble                 Hex            0%         N/A       100%        7


Dungeon Overview and Level Annotations

Branches:
Dungeon (7/15)             Temple (0/1) D:6

Altars:
Dithmenos
Gozag
Qazlal
Trog
Uskayaw
Wu Jian

Shops:
D:4 (


Innate Abilities, Weirdness & Mutations

You have hoof-like feet.
You are partially covered in razor-sharp scales. (AC +1, Slay +1)
A meltable shield of frost defends you. (SH +4)
Spells you cast may paralyse adjacent enemies.


Message History

The sky beast is almost dead.
The sky beast completely misses you.
You miss the sky beast.
The sky beast is almost dead.
You kill the sky beast!
Qazlal accepts your kill.
You have reached level 8!
You feel stronger.
Your demonic ancestry asserts itself...
Frost condenses into a shield before you.
You start resting.
HP restored.
F - a fuming orange potion
Found a stone staircase leading up.
G - a wand of iceblast (8)
Found a stone staircase leading down.
Found a chain mail.
Found a stone staircase leading down.
A manticore comes into view.
The helpless manticore fails to defend itself.
You slash the manticore!
The manticore looks as sick as possible!
The manticore is moderately wounded.
The manticore bites you! The manticore misses you. The manticore claws you!
* * * LOW HITPOINT WARNING * * *
You are too injured to fight recklessly!
You are too injured to fight recklessly!
You are too injured to fight recklessly!
You hit the manticore but do no damage.
The manticore looks as sick as possible!
The manticore is moderately wounded.
The manticore closely misses you. The manticore claws you.
* * * LOW HITPOINT WARNING * * *
The manticore claws you.
* * * LOW HITPOINT WARNING * * *
You barely miss the manticore.
The manticore is heavily wounded.
The manticore bites you.
* * * LOW HITPOINT WARNING * * *
You block the manticore's attack. The manticore claws you!
You die...

.# #.#.....<........#
.# #................#
.#################..#
........# #..#
.######.# ##..######
.# #.#
######......... .#
#.# #..>...>...###.
.# #.# #.####...#.##
.# #.# #...H@[.....#
.# #.# #..#####.#..#
## ### # .#.## ## #


You could see a manticore (extremely poisoned).

Vanquished Creatures
  2 sky beasts
  Blork the orc (D:4)
  3 scorpions
  A howler monkey (D:5)
  An orc priest (D:5)
  2 gnoll shamans
  3 hounds
  2 iguanas
  A jelly (D:5)
  An orc wizard (D:4)
  12 adders
  6 gnolls (D:4)
  A white imp (D:6)
  3 dart slugs
  8 orcs
  4 bats
  6 endoplasms
  3 giant cockroaches
  5 goblins
  6 hobgoblins
  5 jackals
  5 quokkas
  4 ball pythons
  3 frilled lizards
  14 kobolds
  7 rats
109 creatures vanquished.

Vanquished Creatures (others)
  A plant (D:1)
1 creature vanquished.

Grand Total: 110 creatures vanquished

Notes
Turn   | Place    | Note
-------+----------+-------------------------------------------
     0 | D:1      | Drevant2 the Demonspawn Wanderer began the quest for the
                  | Orb.
     0 | D:1      | Drevant2 set off with the following items: a +2 dagger, 3
                  | curare-tipped darts, a +0 pair of boots, a potion of
                  | curing, a +0 robe; and the following spell memorised:
                  | Freeze; and the following spells available to memorise:
                  | Ozocubu's Armour
     0 | D:1      | Reached XP level 1. HP: 13/13 MP: 2/2
   426 | D:1      | Gained mutation: You have large cloven feet. [demonic
                  | ancestry]
   426 | D:1      | Reached XP level 2. HP: 19/19 MP: 3/3
  2114 | D:2      | Gained mutation: You have hoof-like feet. [demonic
                  | ancestry]
  2114 | D:2      | Reached XP level 3. HP: 21/25 MP: 3/5
  2281 | D:2      | You fall into a shaft and drop 2 floors!
  2368 | D:4      | Reached skill level 1 in Fighting
  2669 | D:4      | Reached skill level 2 in Ice Magic
  2669 | D:4      | Gained mutation: Spells you cast may paralyse adjacent
                  | enemies. [demonic ancestry]
  2669 | D:4      | Reached XP level 4. HP: 32/32 MP: 6/6
  2847 | D:3      | Found a shadowy altar of Dithmenos.
  3199 | D:2      | Found a faded altar of an unknown god.
  3747 | D:3      | Found a bloodstained altar of Trog.
  3813 | D:3      | Found an ornate altar of the Wu Jian Council.
  3950 | D:3      | Reached XP level 5. HP: 33/37 MP: 7/7
  4325 | D:3      | Found a hide-covered altar of Uskayaw.
  4561 | D:4      | Reached skill level 1 in Axes
  4598 | D:4      | Reached skill level 3 in Ice Magic
  4627 | D:4      | Identified the +3 dagger of Use Firgh {vorpal, *Noise rC+
                  | SInv}
  4663 | D:4      | Found Pudematu's Antique Weapon Emporium.
  4681 | D:4      | Reached XP level 6. HP: 39/43 MP: 8/8
  4878 | D:4      | Noticed Blork the orc
  4891 | D:4      | Killed Blork the orc
  5372 | D:5      | Entered Level 5 of the Dungeon
  5400 | D:5      | Noticed an ice beast
  5548 | D:5      | Reached skill level 4 in Ice Magic
  5653 | D:5      | Gained mutation: You are partially covered in razor-sharp
                  | scales. (AC +1, Slay +1) [demonic ancestry]
  5653 | D:5      | Reached XP level 7. HP: 32/48 MP: 9/9
  5842 | D:5      | Found an opulent altar of Gozag.
  6084 | D:6      | Learned a level 3 spell: Ozocubu's Armour
  6125 | D:6      | Reached skill level 5 in Ice Magic
  6422 | D:6      | Found a stormy altar of Qazlal.
  6440 | D:6      | Became a worshipper of Qazlal Stormbringer
  6605 | D:6      | Found a staircase to the Ecumenical Temple.
  6912 | D:7      | Gained mutation: A meltable shield of frost defends you.
                  | (SH +4) [demonic ancestry]
  6912 | D:7      | Reached XP level 8. HP: 46/54 MP: 10/10
  7040 | D:7      | Noticed a manticore
  7044 | D:7      | Slain by a manticore

Illustrated notes

Levels and vault maps discovered:
D:1:      kennysheep_arrival_seaside, layout_basic
D:2:      layout_basic, basic_ecumenical_altar, minmay_misc_feat_pillars,
          minmay_cupped
D:3:      layout_loops_ring, mainiacjoe_overflow_catch_the_wave,
          lemuel_round_altar, nicolae_dithmenos_shadow_blocks
D:4:      layout_cave_pods, serial_shops, shop, uniq_blork_the_orc
D:5:      layout_basic, grunt_gozag_statues
D:6:      layout_loops_cross, mainiacjoe_overflow_concentric_impassable,
          minmay_temple_entry_butterflies, mrwooster_statue_mirror
D:7:      kb_forest_paths, layout_loops_ring, kiku_gazebo_pond_becter

Skill      XL: |  1  2  3  4  5  6  7 |
---------------+----------------------+-----
Throwing       | 2 3 |  3.0
Stealth        | 3 |  3.1
Fighting       | 1 |  1.1
Ice Magic      | 2 3 4 5 |  5.6
Axes           | 2 3 4 |  4.9
Armour         | |  1.0
Spellcasting   | |  1.4
Evocations     | |  2.3

Action                   |  1- 3 |  4- 6 |  7- 9 || total
-------------------------+-------+-------+-------++-------
Melee: Dagger            |    46 |       |       ||    46
       Short sword       |    68 |    45 |       ||   113
       Hand axe          |       |   140 |    70 ||   210
       Punch             |       |     1 |     2 ||     3
Throw: Dart              |     9 |     6 |       ||    15
       Javelin           |    14 |     5 |       ||    19
  Use: Scroll            |     1 |       |     6 ||     7
       Potion            |       |     3 |     3 ||     6
 Stab: Sleeping          |     4 |     4 |     3 ||    11
Armor: Robe              |    44 |    39 |    17 ||   100
       Leather armour    |       |       |     1 ||     1
Dodge: Dodged            |    60 |   135 |    33 ||   228
Block: Other             |       |       |     1 ||     1

Table legend: (Time is in decaauts)
 A = Elapsed time spent in this place.
 B = Non-inter-level travel time spent in this place.
 C = Inter-level travel time spent in this place.
 D = Time resting spent in this place.
 E = Time spent auto-exploring this place.
 F = Levels seen in this place.
 G = Mean time per level.
                   A        B        C        D        E       F      G
               +--------+--------+--------+--------+--------+-----+--------+
         Total |   7091 |   6279 |    812 |   1422 |   3717 |   7 | 1013.0 |
       Dungeon |   7091 |   6279 |    812 |   1422 |   3717 |   7 | 1013.0 |
               +--------+--------+--------+--------+--------+-----+--------+

Top non-repeatable levels by time:
     D:1: 2108 daAuts
     D:4: 1606 daAuts
     D:2: 1014 daAuts
     D:3: 892 daAuts
     D:6: 676 daAuts
     D:5: 557 daAuts
     D:7: 235 daAuts
